 Dungeon Crawl Stone Soup version 0.28-a0-1518-gbe868bca14 (webtiles) character file.

Game seed: 15359813980902012244

292 knot the Chopper (level 6, 47/47 HPs)
             Began as a Demonspawn Berserker on Jan 16, 2022.
             Was a Believer of Trog.
             Quit the game on level 4 of the Dungeon.
             The game lasted 00:05:02 (4689 turns).

knot the Chopper (Demonspawn Berserker)             Turns: 4689, Time: 00:05:03

Health: 47/47      AC:  9    Str: 17    XL:     6   Next: 10%
Magic:  6/6        EV: 12    Int: 11    God:    Trog [**....]
Gold:   103        SH:  0    Dex: 12    Spells: 5/5 levels left

rFire   . . .      SeeInvis .   a - +0 hand axe
rCold   . . .      Faith    .   (no shield)
rNeg    . . .      Spirit   .   e - +0 ring mail
rPois   .          Reflect  .   (helmet restricted)
rElec   .          Harm     .   (no cloak)
rCorr   .          Rampage  .   (no gloves)
Will    .....                   (no boots)
Stlth   +.........              (no amulet)
HPRegen 0.15/turn               n - +4 ring of protection
MPRegen 0.10/turn               (no ring)

@: no status effects
A: antennae 1, powered by pain 1, sturdy frame 2
a: Renounce Religion, Berserk, Trog's Hand


You were on level 4 of the Dungeon.
You worshipped Trog.
Trog was pleased with you.
You visited 1 branch of the dungeon, and saw 4 of its levels.

You collected 103 gold pieces.

Inventory:

Hand Weapons
 a - a +0 hand axe (weapon)
Missiles
 g - 30 stones
 i - a poisoned dart (quivered)
Armour
 e - a +0 ring mail (worn)
Jewellery
 n - a +4 ring of protection (left hand)
Scrolls
 b - a scroll of acquirement {unknown}
 f - 4 scrolls of identify {unknown}
 k - a scroll of amnesia {unknown}
 l - a scroll of noise {unknown}
 m - a scroll of teleportation {unknown}
Potions
 c - 2 potions of curing {unknown}
 d - 2 potions of haste {unknown}
 h - 2 potions of invisibility {unknown}
 j - 2 potions of heal wounds {unknown}
 o - a potion of mutation {unknown}


   Skills:
 - Level 3.0 Fighting
 * Level 5.3 Axes
 * Level 2.9 Throwing
 - Level 1.7 Armour
 - Level 1.7 Dodging


You had 5 spell levels left.
You didn't know any spells.
Your spell library contained the following spells:

 Spells                   Type           Power      Damage    Failure   Level
 Dazzling Flash           Conj/Hex       0%         N/A       75%         3
 Iskenderun's Mystic Bla  Conj/Tloc      0%         2d3       98%         4
 Starburst                Conj/Fire      0%         6d3       100%        6


Dungeon Overview and Level Annotations

Branches:
Dungeon (4/15)
 Temple: D:4-7

Altars:

Shops:
D:3 :


Innate Abilities, Weirdness & Mutations

You have a pair of small antennae on your head.
You sometimes gain a little power by taking damage.
Your movements are less encumbered by armour. (ER -4)


Message History

You kill the quokka!
Trog accepts your kill.
No target in view!
No target in view!
No target in view!
You now have 103 gold pieces (gained 12).
An orc priest comes into view. It is wielding a +0 club.
The orc priest shouts!
You hear a shout!
The orc priest moves out of view.
You hear a shout! x2
No target in view!
An orc wizard and 3 orcs come into view.
An orc is wielding a +0 dagger and wearing a +0 leather armour of poison resistance.
The orc shouts! x2
Throw: 4 darts (poison)
Press: ? - help, Q - select action, (/) - cycle Shift-Dir - straight line, f - orc priest
Aim: an orc priest, wielding a +0 club (59% to hit)
You throw a poisoned dart. The poisoned dart hits the orc priest.
The orc priest is poisoned.
The orc wizard casts a spell.
The orc wizard flickers and vanishes!
Deactivating autopickup; reactivate with Ctrl-A.
Throw: 3 darts (poison)
Press: ? - help, Q - select action, (/) - cycle Shift-Dir - straight line, f/p - orc priest
Aim: an orc priest, wielding a +0 club (poisoned, 59% to hit)
You throw a poisoned dart. The poisoned dart hits the orc priest.
The orc priest looks even sicker.
A lemure comes into view.
Throw: 2 darts (poison)
Press: ? - help, Q - select action, (/) - cycle Shift-Dir - straight line, f/p - orc priest
Aim: an orc priest, wielding a +0 club (moderately wounded, very poisoned, 59% to hit)
You throw a poisoned dart. The poisoned dart hits the orc.
The orc is poisoned.
Unknown command.
The orc looks more healthy.
Trog accepts your kill.
You feel a bit more experienced.
You have reached level 6!
Your demonic ancestry asserts itself...
You feel energised by your suffering.
Are you sure you want to abandon this character and quit the game? (Confirm with "yes".)

#......# .#
###......######.# ######
#.........{.5..o#
#....#######.#...{..######.#
'................#### ...
#....#######.###.# .o5..
#....# #......##o# .....#
#....# #.###..##o# .....#
#....# #.# #..##@# .....#
#....# #.# #..##.# .....#
#....# #.# ##>##.# #(...#
#.# #.##.# #....# #.# #.##.#
#....###.####.##.#
...........##.##.#
#....###.#.##.##.#
#........#.##.##.#


You could see 2 orcs.

Vanquished Creatures
  An ogre (D:4)
  A phantom (D:4)
  An orc priest (D:4)
  4 adders
  4 worms
  2 dart slugs
  2 orcs (D:3)
  5 endoplasms
  6 hobgoblins
  2 jackals (D:1)
  4 quokkas
  5 ball pythons
  5 bats
  3 frilled lizards
  8 goblins
  5 kobolds
  4 rats
62 creatures vanquished.

Notes
Turn   | Place    | Note
-------+----------+-------------------------------------------
     0 | D:1      | knot the Demonspawn Berserker began the quest for the Orb.
     0 | D:1      | Reached XP level 1. HP: 18/18 MP: 1/1
   551 | D:1      | Reached skill level 3 in Axes
   706 | D:1      | Gained mutation: Your movements are slightly less
                  | encumbered by armour. (ER -2) [demonic ancestry]
   706 | D:1      | Reached XP level 2. HP: 24/24 MP: 2/2
  1634 | D:2      | Gained mutation: You have a pair of small antennae on your
                  | head. [demonic ancestry]
  1634 | D:2      | Reached XP level 3. HP: 26/29 MP: 3/3
  1813 | D:2      | Found a faded altar of an unknown god.
  1826 | D:2      | Reached skill level 4 in Axes
  2088 | D:2      | Reached ** piety under Trog
  3225 | D:3      | Reached XP level 4. HP: 35/35 MP: 4/4
  3495 | D:3      | Reached skill level 1 in Throwing
  3872 | D:3      | Found Jeqon's Book Emporium.
  4206 | D:4      | Noticed a phantom
  4221 | D:4      | Killed a phantom
  4222 | D:4      | Gained mutation: Your movements are less encumbered by
                  | armour. (ER -4) [demonic ancestry]
  4222 | D:4      | Reached XP level 5. HP: 24/41 MP: 5/5
  4225 | D:4      | Reached skill level 5 in Axes
  4627 | D:4      | Noticed an ogre
  4636 | D:4      | Killed an ogre
  4674 | D:4      | Noticed a lemure
  4689 | D:4      | Gained mutation: You sometimes gain a little power by
                  | taking damage. [demonic ancestry]
  4689 | D:4      | Reached XP level 6. HP: 47/47 MP: 6/6
  4689 | D:4      | Quit the game

Illustrated notes

Levels and vault maps discovered:
D:1:      psy_arrival_statuary, layout_basic
D:2:      layout_basic, shapermc_ecumenical_altar_notcrosses
D:3:      layout_rooms, serial_shops, nicolae_shop_window_shopping
D:4:      layout_basic, uniq_menkaure, uniq_pikel

Skill      XL: |  1  2  3  4  5 |
---------------+----------------+-----
Axes           | 3 4 5 |  5.3
Throwing       | 2 |  2.9
Fighting       | |  3.0
Armour         | |  1.7
Dodging        | |  1.7

Action                   |  1- 3 |  4- 6 || total
-------------------------+-------+-------++-------
Melee: Hand axe          |   130 |    92 ||   222
       Punch             |     2 |     1 ||     3
Throw: Dart              |     6 |    11 ||    17
       Stone             |       |     3 ||     3
Invok: Berserk           |     3 |     3 ||     6
Armor: Ring mail         |    50 |    30 ||    80
Dodge: Dodged            |    61 |    56 ||   117

Table legend: (Time is in decaauts)
 A = Elapsed time spent in this place.
 B = Non-inter-level travel time spent in this place.
 C = Inter-level travel time spent in this place.
 D = Time resting spent in this place.
 E = Time spent auto-exploring this place.
 F = Levels seen in this place.
 G = Mean time per level.
                   A        B        C        D        E       F      G
               +--------+--------+--------+--------+--------+-----+--------+
         Total |   4782 |   4589 |    193 |   1574 |   2444 |   4 | 1195.5 |
       Dungeon |   4782 |   4589 |    193 |   1574 |   2444 |   4 | 1195.5 |
               +--------+--------+--------+--------+--------+-----+--------+

Top non-repeatable levels by time:
     D:2: 1688 daAuts
     D:1: 1492 daAuts
     D:3: 1085 daAuts
     D:4: 516 daAuts
